 Dungeon Crawl Stone Soup version 0.29.1-2-gbd0b4ee654 (webtiles) character file.

Game seed: 6674660036934096684

303 Ivernyr the Magician (level 6, -6/41 HPs)
             Began as an Octopode Transmuter on Oct 29, 2022.
             Mangled by a gnoll
             ... wielding a +0 spear
              (9 damage)
             ... on level 4 of the Dungeon.
             The game lasted 00:07:43 (3483 turns).

Ivernyr the Magician (Octopode Transmuter)          Turns: 3483, Time: 00:07:44

Health: -6/41      AC:  1    Str: 15    XL:     6   Next: 38%
Magic:  11/12      EV: 14    Int: 17    God:
Gold:   174        SH:  5    Dex: 13    Spells: 7/13 levels left

rFire   . . .      SeeInvis .     - Unarmed
rCold   . . .      Faith    .   (no shield)
rNeg    . . .      Spirit   .   (helmet restricted)
rPois   .          Reflect  +   e - amulet of reflection
rElec   .          Harm     .   p - +6 ring of strength
rCorr   .          Rampage  .   (no ring)
Will    .....                   (no ring)
Stlth   ++........              (no ring)
HPRegen 0.13/turn               (no ring)
MPRegen 0.13/turn               (no ring)
                                (no ring)
                                (no ring)

@: wereblooded
A: almost no armour, amphibious, 8 rings, camouflage 1, gelatinous body 1,
(nimble swimmer 1), tentacles
a: no special abilities


You were on level 4 of the Dungeon.
You visited 1 branch of the dungeon, and saw 4 of its levels.

You collected 174 gold pieces.

Inventory:

Jewellery
 e - an amulet of reflection (around mantle)
 p - a +6 ring of strength (left tentacle)
Scrolls
 c - 2 scrolls of blinking {unknown}
 d - a scroll of silence {unknown}
 f - a scroll of summoning {unknown}
 g - a scroll of amnesia {unknown}
 h - a scroll of enchant weapon {unknown}
 i - 4 scrolls of identify {unknown}
 j - 4 scrolls of teleportation {unknown}
 k - a scroll of noise {unknown}
 n - a scroll of enchant armour {unknown}
 o - a scroll of vulnerability {unknown}
Potions
 a - 3 potions of lignification
 b - 2 potions of curing {unknown}
 l - a potion of berserk rage {unknown}
 m - 2 potions of heal wounds {unknown}
 q - a potion of ambrosia {unknown}
 r - a potion of haste {unknown}


   Skills:
 + Level 2.8 Fighting
 + Level 3.3 Dodging
 - Level 3.0 Unarmed Combat
 * Level 4.1 Spellcasting
 + Level 3.3 Transmutations


You had 7 spell levels left.
You knew the following spells:

 Your Spells              Type           Power      Damage    Failure   Level
a - Beastly Appendage     Tmut           28%        N/A       4%          1
b - Wereblood             Tmut           14%        N/A       6%          2
c - Spider Form           Tmut/Pois      9%         N/A       24%         3

Your spell library contained the following spells:

 Spells                   Type           Power      Damage    Failure   Level
 Sting                    Tmut/Pois      36%        1d4       8%          1
 Passwall                 Tmut/Erth      7%         N/A       12%         2
 Necrotise                Necr           12%        1d4       16%         1
 Ensorcelled Hibernation  Hex/Ice        6%         N/A       24%         2
 Poisonous Vapours        Pois/Air       6%         N/A       24%         2
 Confusing Touch          Hex            3%         N/A       43%         3
 Swiftness                Air            3%         N/A       43%         3
 Vampiric Draining        Necr           3%         2d6       43%         3
 Ice Form                 Ice/Tmut       9%         N/A       61%         4
 Olgreb's Toxic Radiance  Pois           3%         N/A       83%         4
 Yara's Violent Unravell  Hex/Tmut       4%         3d4       91%         5
 Agony                    Necr           3%         N/A       99%         5
 Enfeeble                 Hex            1%         N/A       100%        7


Dungeon Overview and Level Annotations

Branches:
Dungeon (4/15)
 Temple: D:4-7

Altars:

Shops:
D:3 =   D:4 !

Annotations:
D:4 2 transporters


Innate Abilities, Weirdness & Mutations

You cannot wear most types of armour.
You are amphibious.
You can wear up to eight rings at the same time.
Your skin changes colour to match your surroundings (Stealth+).
Your rubbery body absorbs attacks. (AC +1, EV +1)
((You are camouflaged when in or above water. (Stealth+)))
You have tentacles for arms and can constrict up to eight enemies at once.


Message History

The gnoll is moderately wounded.
You constrict the gnoll. You block the gnoll's attack.
You tentacle-slap the gnoll.
You feel a bit better.
You kill the gnoll!
You howl as the wereblood boils in your veins!
The gnoll shouts!
A gnoll comes into view. It is wielding a +0 flail.
A gnoll comes into view. It is wielding a +0 spear.
You howl as the wereblood boils in your veins!
You hear a shout!
Your transformation is almost over.
The gnoll hits you from afar with a +0 halberd!
The gnoll barely misses you.
You closely miss the gnoll. You grab the gnoll. You constrict the gnoll.
The gnoll hits you with a +0 halberd! The gnoll hits you with a +0 flail!
You tentacle-slap the gnoll.
You pierce the gnoll.
The gnoll is almost dead.
You howl as the wereblood boils in your veins!
You constrict the gnoll. You block the gnoll's attack.
The gnoll hits you from afar with a +0 spear.
The gnoll hits you with a +0 flail!
* * * LOW HITPOINT WARNING * * *
You tentacle-slap the gnoll.
You feel a bit better.
You kill the gnoll!
You block the gnoll's attack.
The gnoll hits you from afar with a +0 spear.
* * * LOW HITPOINT WARNING * * *
You closely miss the gnoll. You grab the gnoll.
You pierce the gnoll, but do no damage.
You squeeze the gnoll.
The gnoll is lightly wounded.
You constrict the gnoll. The gnoll closely misses you.
The gnoll hits you from afar with a +0 spear.
* * * LOW HITPOINT WARNING * * *
You completely miss the gnoll.
You pierce the gnoll.
The gnoll is moderately wounded.
You howl as the wereblood boils in your veins!
Your tentacle spike disappears.
You constrict the gnoll. The gnoll barely misses you.
The gnoll hits you from afar with a +0 spear!
You die...

##### ################
.g.g..##g@..##........###
#..g)##.......###...#
..........#.....©.....#.#
#########.#.#########.#.##
.#.#8P$©$P8#.#...
.#.#~..(..P#.###.
.#.####+####.# ## #####
.#.#5≈...≈o#.# ##...##
.#.#.≈...≈5#.#


You could see 2 gnolls.

Vanquished Creatures
  A black bear (D:4)
  A jelly (D:3)
  An iguana (D:4)
  An orc wizard (D:4)
  3 adders (D:3)
  2 gnolls (D:4)
  A worm (D:2)
  A dart slug (D:1)
  3 orcs (D:4)
  2 bats
  9 endoplasms
  4 giant cockroaches
  8 goblins
  5 hobgoblins
  3 jackals (D:2)
  6 quokkas
  6 ball pythons
  4 frilled lizards
  5 kobolds
  8 rats
74 creatures vanquished.

Notes
Turn   | Place    | Note
-------+----------+-------------------------------------------
     0 | D:1      | Ivernyr the Octopode Transmuter began the quest for the
                  | Orb.
     0 | D:1      | Reached XP level 1. HP: 13/13 MP: 3/3
   378 | D:1      | Reached XP level 2. HP: 16/18 MP: 5/5
   384 | D:1      | Learned a level 2 spell: Wereblood
   707 | D:1      | Reached XP level 3. HP: 20/23 MP: 6/6
   960 | D:2      | Found a faded altar of an unknown god.
  1582 | D:2      | Learned a level 3 spell: Spider Form
  1806 | D:2      | Reached XP level 4. HP: 29/29 MP: 8/8
  2290 | D:3      | Reached skill level 3 in Spellcasting
  2473 | D:3      | Found Noer's Jewellery Shoppe.
  2599 | D:3      | Reached XP level 5. HP: 34/34 MP: 5/9
  2991 | D:4      | Found a transporter.
  3016 | D:4      | Found Rukotul's Distillery.
  3241 | D:4      | Noticed a black bear
  3263 | D:4      | Killed a black bear
  3264 | D:4      | Reached skill level 4 in Spellcasting
  3264 | D:4      | Reached XP level 6. HP: 35/41 MP: 7/12
  3439 | D:4      | Found a transporter.
  3483 | D:4      | Mangled by a gnoll

Illustrated notes

Levels and vault maps discovered:
D:1:      dpeg_arrival_leaves_temple_mockup, layout_rooms,
          hangedman_decor_diamond_cutter
D:2:      layout_basic, ebering_ecumenical_altar_rust
D:3:      layout_basic, serial_shops, shop_statue
D:4:      gammafunk_wand_slinger, layout_basic, serial_shops, shop,
          grunt_ministairs_7

Skill      XL: |  1  2  3  4  5 |
---------------+----------------+-----
Spellcasting   | 3 4 |  4.1
Fighting       | 2 |  2.8
Dodging        | 3 |  3.3
Transmutations | 3 |  3.3
Unarmed Combat | |  3.0

Action                   |  1- 3 |  4- 6 || total
-------------------------+-------+-------++-------
Melee: Unarmed           |   104 |    73 ||   177
       Constrict         |    25 |    22 ||    47
       Tentacles         |    15 |    20 ||    35
       Kick              |     6 |    16 ||    22
       Punch             |     1 |       ||     1
 Cast: Beastly Appendage |     2 |     6 ||     8
       Wereblood         |     2 |     5 ||     7
       Spider Form       |       |     1 ||     1
 Stab: Sleeping          |    11 |     3 ||    14
Armor: Skin              |     3 |     4 ||     7
Dodge: Dodged            |    61 |    35 ||    96
Block: Other             |    13 |    11 ||    24
